Map: Discordance EC

Players

PtitDrogo - Winner!

  • Race: Protoss Protoss
  • Spawn Location: 1:00

ShaDoWn

  • Race: Protoss Protoss
  • Spawn Location: 7:00

Event: 2019 WCS Summer

VOD

Have the link to the VOD?

Description

Time

  • Played on: July 12, 2019, 6:47 a.m.
  • Length: 8:28

All games in this series

Show
View Real Time Build Order
Export as new Build Order

PtitDrogo Protoss - Winner!

Build Orders: Zealot Archon 

Get SALT Encoding   

  12  0:00  Probe  
  13  0:13  Probe  
  14  0:17  Pylon  
  14  0:25  Probe  
  15  0:33  Probe  
  15  0:35  Gateway  
  15  0:41  Probe  
  16  0:46  Assimilator  
  17  0:51  Probe  
  17  0:55  Assimilator  
  18  1:00  Probe  
  19  1:08  Probe, Gateway  
  19  1:17  Probe  
  20  1:25  Cybernetics Core  
  21  1:29  Probe  
  22  1:34  Pylon  
  22  1:41  Probe  
  23  1:52  Warp Gate  
  23  1:55  Probe  
  18  2:01  Stalker x2  
  28  2:13  Pylon  
  29  2:22  Pylon  
  28  2:33  Stalker x2  
  32  2:53  Nexus  
  32  3:02  Robotics Facility  
  32  3:10  Sentry x2  
  36  3:20  Shield Battery  
  36  3:23  Probe  
  36  3:25  Pylon  
  37  3:35  Probe  
  38  3:44  Stalker x2, Observer  
  38  3:47  Probe  
  44  3:59  Probe  
  45  4:06  Probe  
  45  4:07  Stalker  
  48  4:11  Probe  
  49  4:18  Probe  
  49  4:20  Warp Prism  
  50  4:28  Probe  
  50  4:30  Probe  
  54  4:40  Probe  
  54  4:42  Pylon  
  54  4:43  Probe  
  56  4:52  Probe  
  57  4:54  Stalker  
  57  4:55  Stalker, Probe  
  61  5:16  Probe x2  
  61  5:18  Assimilator  
  61  5:19  Pylon  
  63  5:22  Adept x2  
  63  5:23  Assimilator  
  63  5:25  Twilight Council  
  63  5:26  Pylon  
  67  5:29  Probe  
  67  5:30  Probe  
  67  5:33  Pylon  
  69  5:42  Probe  
  70  5:47  Probe  
  71  5:54  Probe  
  70  5:59  Probe, Immortal  
  70  6:00  Charge  
  67  6:06  Probe  
  68  6:12  Templar Archives  
  68  6:25  Gateway  
  68  6:28  Gateway x2  
  68  6:29  Gateway  
  68  6:31  Gateway  
  68  6:33  Adept  
  68  6:39  Gateway  
  70  6:41  Gateway  
  70  6:42  Zealot  
  72  6:52  Pylon  
  72  7:00  Pylon  
  72  7:06  High Templar x2  
  76  7:11  Archon  
  76  7:20  Stalker, Pylon  
  78  7:26  High Templar x2  
  78  7:27  Zealot x2  
  78  7:29  Pylon  
  86  7:32  Archon  
  86  7:37  Zealot x2  
  90  7:48  Pylon  
  90  7:57  Pylon  
  86  7:59  Zealot x5  
  86  8:00  Zealot x2  
  85  8:14  Probe  
  84  8:24  Zealot x7  
Show
View Real Time Build Order
Export as new Build Order

ShaDoWn Protoss 

Build Orders: Oracle Opening 

Get SALT Encoding   

  12  0:00  Probe  
  13  0:12  Probe  
  14  0:17  Pylon  
  14  0:23  Probe  
  15  0:32  Probe  
  15  0:36  Gateway  
  15  0:40  Probe  
  16  0:48  Assimilator  
  17  0:51  Probe  
  17  0:54  Assimilator  
  18  0:59  Probe  
  19  1:07  Probe, Gateway  
  19  1:17  Probe  
  20  1:23  Cybernetics Core  
  21  1:29  Probe  
  22  1:34  Pylon  
  22  1:41  Probe  
  22  1:43  Pylon  
  24  2:00  Stalker x2  
  27  2:02  Warp Gate  
  27  2:06  Probe  
  28  2:30  Stalker x2  
  32  2:48  Stargate  
  32  3:00  Nexus  
  32  3:03  Probe  
  33  3:16  Probe  
  34  3:20  Oracle  
  34  3:28  Probe, Pylon  
  38  3:36  Robotics Facility  
  38  3:40  Probe  
  39  3:49  Oracle  
  39  3:52  Probe  
  43  4:05  Probe  
  44  4:13  Probe  
  45  4:17  Probe, Adept x2  
  50  4:27  Immortal  
  50  4:31  Probe  
  55  4:32  Probe  
  56  4:43  Probe  
  56  4:45  Probe  
  58  4:52  Pylon  
  58  4:55  Probe  
  58  4:57  Probe  
  58  5:07  Probe x2  
  58  5:13  Immortal  
  61  5:14  Assimilator  
  61  5:15  Assimilator, Probe  
  61  5:16  Probe  
  61  5:18  Forge  
  61  5:21  Sentry  
  61  5:23  Probe  
  61  5:25  Probe  
  64  5:33  Probe  
  64  5:34  Pylon  
  66  5:37  Probe  
  66  5:42  Pylon  
  67  5:44  Stalker  
  67  5:48  Protoss Ground Weapons Level 1  
  69  5:50  Warp Prism  
  69  5:55  Sentry  
  66  6:12  Probe  
  66  6:15  Zealot  
  66  6:16  Probe  
  68  6:24  Probe  
  68  6:25  Pylon  
  69  6:28  Gateway x2  
  69  6:29  Twilight Council  
  69  6:33  Gateway  
  69  6:36  Zealot x2  
  69  6:38  Pylon  
  69  6:39  Probe  
  74  6:55  Gateway  
  74  6:56  Gateway  
  74  7:02  Probe  
  75  7:10  Zealot x2  
  75  7:15  Shield Battery  
  79  7:18  Templar Archives  
  79  7:23  Zealot, Pylon  
  79  7:28  Nexus  
  81  7:31  Pylon  
  81  7:46  Dark Shrine  
  81  7:50  Zealot x4  
  88  7:58  Zealot  
  70  8:13  Zealot x6  
Tags
 
Add a new tag
Caveats
  • Supply blocks, unpowered buildings, or Contaminate may cause inaccurate times.
  • Supply counts are checked every 10 seconds.